 Dungeon Crawl Stone Soup version 0.31-b1-22-gc680215f68 (webtiles) character file.

Game seed: 18068471368560994583

72 BigPumpCobain the Cudgeller (level 4, -4/29 HPs)
             Began as a Gargoyle Berserker on Jan 19, 2024.
             Was a Believer of Trog.
             Killed from afar by an orc wizard (10 damage)
             ... with a magic dart
             ... on level 3 of the Dungeon.
             The game lasted 00:01:54 (1597 turns).

BigPumpCobain the Cudgeller (Gargoyle Berserker)    Turns: 1597, Time: 00:01:54

Health: -4/29      AC:  5    Str: 23    XL:     4   Next: 26%
Magic:  4/4        EV: 11    Int:  7    God:    Trog [**....]
Gold:   116        SH:  0    Dex:  9    Spells: 3/3 levels left

rFire   . . .        a - +0 mace
rCold   . . .        (no shield)
rNeg    + . .        b - +0 animal skin
rPois   ∞            (no helmet)
rElec   +            (no cloak)
rCorr   .            (no gloves)
SInv    .            (no boots)
Will    .....        (no amulet)
Stlth   +            (no ring)
HPRegen 0.24/turn    (no ring)
MPRegen 0.09/turn

%: no passive effects
@: confused, on berserk cooldown, slowed, very slow
A: sickness immunity, AC +3, negative energy resistance 1, electricity
resistance, torment resistance 1, petrification resistance
a: Renounce Religion, Berserk, Trog's Hand


You were on level 3 of the Dungeon.
You worshipped Trog.
Trog was pleased with you.
You visited 1 branch of the dungeon, and saw 3 of its levels.

You collected 116 gold pieces.

Inventory:

Hand Weapons
 a - a +0 mace (weapon)
Armour
 b - a +0 animal skin (worn)
Jewellery
 k - the ring of Ymigohu {rF+ rC- Int+3 Stlth+}
   (You found it on level 2 of the Dungeon)

   [ring of protection from fire]

   Int+3:     It affects your intelligence (+3).
   rF+:       It protects you from fire.
   rC-:       It makes you vulnerable to cold.
   Stlth+:    It makes you more stealthy.
Scrolls
 c - a scroll of noise {unknown}
 d - a scroll of amnesia {unknown}
 e - a scroll of butterflies {unknown}
 h - a scroll of identify {unknown}
 i - 2 scrolls of fog {unknown}
 l - a scroll of vulnerability {unknown}
 m - a scroll of blinking {unknown}
Potions
 f - a potion of might {unknown}
 g - 2 potions of lignification {unknown}
 j - a potion of attraction {unknown}


   Skills:
 + Level 3.9 Fighting
 * Level 4.1 Maces & Flails
 + Level 3.0 Armour
 - Level 1.5 Dodging


You had 3 spell levels left.
You didn't know any spells.
Your spell library was empty.

Dungeon Overview and Level Annotations

Branches:
Dungeon (3/15)

Altars:


Innate Abilities, Weirdness & Mutations

You are immune to sickness and miasma.
Your stone body is resilient. (AC +3)
You are immune to poison.
You resist negative energy. (rN+)
You are resistant to electric shocks. (rElec)
You are resistant to unholy torment.
You are immune to petrification.


Message History

You closely miss the orc. You hit the orc but do no damage.
The orc hits you but does no damage.
You closely miss the orc.
You feel less confused. The orc hits you with a +0 short sword.
You hit the orc but do no damage. The orc hits you with a +0 short sword.
* * * LOW HITPOINT WARNING * * *
The orc hits you with a +0 short sword.
* * * LOW HITPOINT WARNING * * *
You closely miss the orc. The orc hits you with a +0 short sword.
* * * LOW HITPOINT WARNING * * *
You hit the orc but do no damage. The orc hits you but does no damage.
The orc wizard gestures wildly while chanting.
The orc wizard flickers and vanishes!
A red film seems to cover your vision as you go berserk!
You feel yourself moving faster!
You feel mighty! The orc closely misses you.
You bludgeon the orc!!
You kill the orc!
Trog accepts your kill.
You sock the orc!
You kill the orc!
Trog accepts your kill.
Something hits you but does no damage. x2
Items here: )) [[ †.
You miss something. Something hits you but does no damage.
You hear some strange, mumbled words.
You are confused.
You bump into the rock wall.
You feel a strong urge to attack something.
Something hits you.
* * * LOW HITPOINT WARNING * * *
Something hits you but does no damage.
You bump into the rock wall.
You are no longer berserk.
You are exhausted.
You feel yourself slow down. Something hits you but does no damage.
You hear some strange, mumbled words.
A magic dart appears from out of thin air!
The magic dart hits you!
You die...

########
#......#
##.####@######
......{{)....#
...####.####.#
#.# #.# #.#
#.# ..# #.#
### #.# #.#
#.#


There were no monsters in sight!

Vanquished Creatures
  2 adders (D:2)
  A gnoll (D:1)
  2 dart slugs (D:2)
  2 orcs (D:3)
  4 ball pythons
  A bat (D:1)
  2 endoplasms (D:1)
  2 giant cockroaches
  2 goblins (D:1)
  3 hobgoblins
  4 jackals (D:1)
  2 kobolds
  4 quokkas
  4 frilled lizards
35 creatures vanquished.

Notes
Turn   | Place    | Note
-------+----------+-------------------------------------------
     0 | D:1      | BigPumpCobain the Gargoyle Berserker began the quest for
                  | the Orb.
     0 | D:1      | Reached XP level 1. HP: 14/14 MP: 1/1
    52 | D:1      | Found a faded altar of an unknown god.
   222 | D:1      | Reached XP level 2. HP: 15/19 MP: 2/2
   367 | D:1      | Reached XP level 3. HP: 6/23 MP: 3/3
  1062 | D:2      | Reached ** piety under Trog
  1181 | D:2      | Reached skill level 4 in Maces & Flails
  1181 | D:2      | Reached XP level 4. HP: 29/29 MP: 4/4
  1305 | D:2      | Identified the ring of Ymigohu {rF+ rC- Int+3 Stlth+}
  1597 | D:3      | Killed from afar by an orc wizard

Illustrated notes

Levels and vault maps discovered:
D:1:      minmay_arrival_nine_rooms, layout_basic,
          shapermc_ecumenical_altar_pompeii, kennysheep_minor_cross
D:2:      layout_rooms
D:3:      layout_loops_corners, moated_statue

Skill      XL: |  1  2  3 |
---------------+----------+-----
Maces & Flails | 4 |  4.1
Armour         | 3 |  3.0
Fighting       | |  3.9
Dodging        | |  1.5

Action                     |  1- 3 |  4- 6 || total
---------------------------+-------+-------++-------
  Melee: Mace              |    98 |    26 ||   124
 Invoke: Berserk           |     1 |     1 ||     2
 Armour: Animal skin       |    83 |    27 ||   110
  Dodge: Dodged            |    81 |    13 ||    94
